[ AOE2 MATCH · #505636743 ]
UnrankedBerbers vs Mongols
Player's team · LOSS
Rival team · WIN
[ REPLAY ANALYSIS · EXTRACTED FROM THE RECORDED GAME ]
Feudal
11:05
Castle
24:46
Imperial
—
| APM avg | 50.5 |
| APM peak | 88 |
| eAPM avg | 26.4 |
| Villagers / military | 139 / 95 |
Focus
⚔️ 35.3% · 🌾 64.7%
Skirmisher ×65 · Camel Archer ×16 · Monk ×4 · Scout Cavalry ×4 · Militia ×3 · Archer ×2
Feudal
8:30
Castle
22:04
Imperial
38:54
| APM avg | 45.8 |
| APM peak | 82 |
| eAPM avg | 24.5 |
| Villagers / military | 168 / 76 |
Focus
⚔️ 35.2% · 🌾 64.8%
Archer ×27 · Mangudai ×25 · Steppe Lancer ×6 · Trebuchet (Packed) ×6 · Scorpion ×4 · Spearman ×4
Match map
Initial resources + every placement click. Lines = walls · curves = elevation contours. ◆ gold · ⬟ stone · ● berries · ✦ relic · ◌ wall gap
Your base· ✓ Closed at 24:46 · 61t walls · 1 gate(s)
VNS_MZ's base· Open — opponent sealed themselves in
Smoothed initial terrain · ◌ = detected wall gap · hover for details
Inputs per minute
— agrippa_rawrr - - VNS_MZ
Build order — agrippa_rawrr
First 150 of 389 actions detected
| 0:01 | Create | Villager (Male) |
| 0:02 | Build | House |
| 0:03 | Build | House |
| 0:05 | Create | Villager (Male) |
| 0:10 | Create | Villager (Male) |
| 0:16 | Create | Villager (Male) |
| 1:32 | Create | Villager (Male) |
| 1:32 | Create | Villager (Male) |
| 1:58 | Create | Villager (Male) |
| 2:06 | Build | Lumber Camp |
| 2:32 | Create | Villager (Male) |
| 2:32 | Create | Villager (Male) |
| 2:44 | Create | Villager (Male) |
| 2:44 | Create | Villager (Male) |
| 3:15 | Create | Villager (Male) |
| 3:31 | Create | Villager (Male) |
| 3:49 | Create | Villager (Male) |
| 4:07 | Create | Villager (Male) |
| 4:14 | Build | House |
| 4:36 | Create | Villager (Male) |
| 5:21 | Build | Barracks |
| 5:41 | Create | Villager (Male) |
| 6:00 | Create | Villager (Male) |
| 6:13 | Create | Villager (Male) |
| 6:24 | Build | House |
| 6:34 | Create | Militia |
| 6:37 | Create | Militia |
| 7:04 | Create | Villager (Male) |
| 7:23 | Create | Militia |
| 7:47 | Create | Villager (Male) |
| 7:51 | Build | Mill |
| 8:19 | Research | Loom |
| 8:55 | Research | Feudal Age |
| 9:48 | Build | House |
| 9:53 | Build | Mining Camp |
| 10:59 | Create | Villager (Male) |
| 11:05 | Age | Feudal Age |
| 11:10 | Build | Stable |
| 11:21 | Research | Double-Bit Axe |
| 11:22 | Research | Horse Collar |
| 11:25 | Build | Mill |
| 11:37 | Create | Villager (Male) |
| 11:37 | Create | Villager (Male) |
| 11:42 | Create | Spearman |
| 11:49 | Create | Scout Cavalry |
| 11:55 | Build | Palisade Wall |
| 12:03 | Build | Farm |
| 12:05 | Build | Farm |
| 12:14 | Build | Farm |
| 12:34 | Build | Farm |
| 12:38 | Create | Villager (Male) |
| 13:04 | Build | House |
| 13:05 | Create | Villager (Male) |
| 13:31 | Build | Archery Range |
| 13:36 | Create | Villager (Male) |
| 13:51 | Build | Palisade Wall |
| 13:54 | Build | House |
| 13:54 | Build | House |
| 14:02 | Create | Scout Cavalry |
| 14:06 | Create | Skirmisher |
| 14:07 | Create | Skirmisher |
| 14:15 | Build | Farm |
| 14:17 | Create | Villager (Male) |
| 14:25 | Build | Palisade Gate |
| 14:33 | Create | Villager (Male) |
| 14:36 | Build | Palisade Wall |
| 14:40 | Create | Skirmisher |
| 15:01 | Create | Scout Cavalry |
| 15:17 | Create | Villager (Male) |
| 15:44 | Create | Skirmisher |
| 15:47 | Build | Blacksmith |
| 15:52 | Create | Villager (Male) |
| 16:04 | Build | Palisade Gate |
| 16:15 | Create | Villager (Male) |
| 16:28 | Create | Skirmisher |
| 16:28 | Create | Skirmisher |
| 16:32 | Build | Farm |
| 16:34 | Build | Farm |
| 16:36 | Build | Farm |
| 16:51 | Build | Palisade Wall |
| 17:04 | Build | Palisade Wall |
| 17:12 | Create | Villager (Male) |
| 17:19 | Build | Farm |
| 17:31 | Create | Skirmisher |
| 17:35 | Research | Fletching |
| 17:37 | Create | Villager (Male) |
| 17:41 | Build | Palisade Wall |
| 17:58 | Build | Palisade Wall |
| 18:00 | Build | Palisade Wall |
| 18:04 | Build | Farm |
| 18:10 | Create | Villager (Male) |
| 18:17 | Create | Archer |
| 18:18 | Create | Archer |
| 18:25 | Create | Scout Cavalry |
| 18:27 | Create | Villager (Male) |
| 18:30 | Build | House |
| 18:45 | Build | Farm |
| 18:51 | Create | Villager (Male) |
| 18:53 | Build | Palisade Wall |
| 19:01 | Research | Padded Archer Armor |
| 19:11 | Create | Skirmisher |
| 19:16 | Create | Villager (Male) |
| 19:30 | Create | Skirmisher |
| 19:30 | Create | Skirmisher |
| 19:34 | Create | Villager (Male) |
| 19:52 | Create | Villager (Male) |
| 19:54 | Create | Skirmisher |
| 19:54 | Create | Skirmisher |
| 19:59 | Create | Villager (Male) |
| 20:06 | Build | Farm |
| 20:21 | Create | Villager (Male) |
| 20:21 | Create | Villager (Male) |
| 20:30 | Create | Skirmisher |
| 20:37 | Build | Palisade Wall |
| 20:42 | Build | Palisade Wall |
| 21:03 | Build | Market |
| 21:05 | Create | Villager (Male) |
| 21:16 | Create | Skirmisher |
| 21:16 | Create | Skirmisher |
| 21:17 | Create | Villager (Male) |
| 21:31 | Create | Skirmisher |
| 21:34 | Build | House |
| 22:06 | Research | Castle Age |
| 22:17 | Build | Watch Tower |
| 22:35 | Build | Lumber Camp |
| 22:48 | Build | House |
| 22:50 | Build | House |
| 22:58 | Create | Skirmisher |
| 22:58 | Create | Skirmisher |
| 23:17 | Build | House |
| 23:34 | Build | House |
| 23:38 | Build | House |
| 23:41 | Build | House |
| 23:43 | Build | House |
| 23:50 | Build | Palisade Wall |
| 23:58 | Build | House |
| 24:21 | Build | House |
| 24:46 | Age | Castle Age |
| 24:58 | Create | Villager (Male) |
| 24:58 | Create | Villager (Male) |
| 25:01 | Build | House |
| 25:31 | Research | Elite Skirmisher (upgrade) |
| 25:38 | Build | Archery Range |
| 25:49 | Build | Monastery |
| 25:56 | Build | Mining Camp |
| 26:07 | Create | Skirmisher |
| 26:08 | Create | Skirmisher |
| 26:10 | Create | Villager (Male) |
| 26:22 | Create | Monk |
| 26:24 | Create | Skirmisher |
Build order — VNS_MZ
First 150 of 441 actions detected
| 0:02 | Create | Villager (Male) |
| 0:02 | Create | Villager (Male) |
| 0:02 | Create | Villager (Male) |
| 0:02 | Create | Villager (Male) |
| 0:03 | Build | House |
| 0:05 | Build | House |
| 1:35 | Create | Villager (Male) |
| 1:35 | Create | Villager (Male) |
| 2:03 | Create | Villager (Male) |
| 2:03 | Create | Villager (Male) |
| 2:03 | Create | Villager (Male) |
| 2:21 | Build | Lumber Camp |
| 2:55 | Create | Villager (Male) |
| 2:55 | Create | Villager (Male) |
| 2:56 | Create | Villager (Male) |
| 2:56 | Create | Villager (Male) |
| 3:23 | Build | House |
| 3:54 | Create | Villager (Male) |
| 4:24 | Create | Villager (Male) |
| 4:43 | Create | Villager (Male) |
| 5:01 | Build | Mill |
| 5:13 | Create | Villager (Male) |
| 5:23 | Build | House |
| 5:38 | Create | Villager (Male) |
| 5:48 | Research | Loom |
| 5:48 | Research | Loom |
| 6:20 | Research | Feudal Age |
| 6:20 | Research | Feudal Age |
| 7:44 | Build | Barracks |
| 7:51 | Build | House |
| 8:24 | Create | Villager (Male) |
| 8:30 | Age | Feudal Age |
| 8:48 | Build | Archery Range |
| 8:54 | Build | Palisade Wall |
| 8:59 | Build | Palisade Wall |
| 9:03 | Build | Palisade Wall |
| 9:11 | Create | Villager (Male) |
| 9:31 | Create | Archer |
| 9:37 | Create | Villager (Male) |
| 9:49 | Create | Villager (Male) |
| 9:55 | Build | Mining Camp |
| 10:05 | Create | Villager (Male) |
| 10:18 | Create | Skirmisher |
| 10:23 | Create | Villager (Male) |
| 10:44 | Create | Skirmisher |
| 10:45 | Create | Villager (Male) |
| 10:48 | Build | House |
| 10:58 | Build | Farm |
| 11:04 | Create | Archer |
| 11:25 | Build | House |
| 11:34 | Build | Mill |
| 11:43 | Create | Skirmisher |
| 11:46 | Create | Villager (Male) |
| 12:07 | Build | Palisade Wall |
| 12:18 | Create | Villager (Male) |
| 12:26 | Create | Spearman |
| 12:42 | Create | Archer |
| 12:43 | Create | Spearman |
| 12:44 | Create | Villager (Male) |
| 12:46 | Build | Blacksmith |
| 13:00 | Create | Spearman |
| 13:01 | Create | Archer |
| 13:02 | Create | Villager (Male) |
| 13:13 | Create | Archer |
| 13:24 | Create | Villager (Male) |
| 13:26 | Build | House |
| 13:29 | Research | Fletching |
| 13:30 | Research | Fletching |
| 13:45 | Create | Villager (Male) |
| 13:46 | Build | House |
| 13:52 | Build | Mill |
| 14:05 | Create | Archer |
| 14:06 | Create | Villager (Male) |
| 14:25 | Build | Farm |
| 14:34 | Create | Archer |
| 14:38 | Build | Farm |
| 14:47 | Create | Villager (Male) |
| 14:50 | Build | Farm |
| 15:04 | Create | Villager (Male) |
| 15:05 | Build | Farm |
| 15:20 | Research | Padded Archer Armor |
| 15:20 | Research | Padded Archer Armor |
| 15:21 | Create | Archer |
| 15:45 | Create | Archer |
| 15:46 | Create | Villager (Male) |
| 15:47 | Build | Farm |
| 15:49 | Build | House |
| 15:51 | Build | House |
| 16:14 | Create | Villager (Male) |
| 16:16 | Build | Farm |
| 16:16 | Create | Villager (Male) |
| 16:41 | Build | Farm |
| 16:42 | Build | Farm |
| 16:43 | Create | Villager (Male) |
| 16:49 | Create | Archer |
| 17:07 | Create | Archer |
| 17:08 | Create | Villager (Male) |
| 17:34 | Create | Villager (Male) |
| 17:54 | Create | Archer |
| 18:09 | Build | Stable |
| 18:25 | Create | Villager (Male) |
| 18:38 | Build | Mill |
| 18:41 | Create | Archer |
| 18:42 | Create | Villager (Male) |
| 18:56 | Create | Scout Cavalry |
| 19:24 | Research | Castle Age |
| 19:24 | Research | Castle Age |
| 19:43 | Create | Archer |
| 20:02 | Create | Archer |
| 20:10 | Create | Spearman |
| 20:28 | Create | Archer |
| 20:35 | Build | Archery Range |
| 20:43 | Build | House |
| 20:44 | Build | House |
| 20:58 | Create | Archer |
| 21:05 | Research | Gold Mining |
| 21:12 | Research | Double-Bit Axe |
| 21:12 | Research | Double-Bit Axe |
| 21:14 | Create | Archer |
| 21:14 | Create | Archer |
| 21:44 | Build | House |
| 22:04 | Age | Castle Age |
| 22:06 | Research | Crossbowman (upgrade) |
| 22:06 | Research | Crossbowman (upgrade) |
| 22:07 | Research | Bodkin Arrow |
| 22:07 | Research | Bodkin Arrow |
| 22:08 | Create | Villager (Male) |
| 22:08 | Create | Villager (Male) |
| 22:18 | Create | Steppe Lancer |
| 22:33 | Create | Steppe Lancer |
| 22:36 | Create | Villager (Male) |
| 22:39 | Build | Farm |
| 22:40 | Build | Farm |
| 22:42 | Create | Archer |
| 22:42 | Create | Archer |
| 23:10 | Create | Archer |
| 23:11 | Create | Archer |
| 23:13 | Create | Villager (Male) |
| 23:18 | Build | House |
| 23:40 | Create | Villager (Male) |
| 23:44 | Build | Town Center |
| 24:03 | Create | Villager (Male) |
| 24:53 | Create | Archer |
| 24:53 | Create | Archer |
| 24:54 | Create | Villager (Male) |
| 24:58 | Build | Town Center |
| 25:08 | Create | Archer |
| 25:08 | Create | Archer |
| 25:09 | Create | Villager (Male) |
| 25:30 | Create | Villager (Male) |
Match timeline
| 5:21 | agrippa_rawrr · first_building Barracks |
| 7:44 | VNS_MZ · first_building Barracks |
| 8:30 | VNS_MZ · age_up feudal |
| 8:48 | VNS_MZ · first_building Archery Range |
| 8:54 | VNS_MZ · wall_segment Palisade Wall x1 |
| 8:59 | VNS_MZ · wall_segment Palisade Wall x1 |
| 9:03 | VNS_MZ · wall_segment Palisade Wall x1 |
| 11:05 | agrippa_rawrr · age_up feudal |
| 11:10 | agrippa_rawrr · first_building Stable |
| 11:55 | agrippa_rawrr · wall_segment Palisade Wall x1 |
| 12:07 | VNS_MZ · wall_segment Palisade Wall x2 |
| 13:31 | agrippa_rawrr · first_building Archery Range |
| 13:51 | agrippa_rawrr · wall_segment Palisade Wall x6 |
| 14:36 | agrippa_rawrr · wall_segment Palisade Wall x1 |
| 16:51 | agrippa_rawrr · wall_segment Palisade Wall x3 |
| 17:04 | agrippa_rawrr · wall_segment Palisade Wall x1 |
| 17:41 | agrippa_rawrr · wall_segment Palisade Wall x4 |
| 17:58 | agrippa_rawrr · wall_segment Palisade Wall x4 |
| 18:00 | agrippa_rawrr · wall_segment Palisade Wall x13 |
| 18:09 | VNS_MZ · first_building Stable |
| 18:53 | agrippa_rawrr · wall_segment Palisade Wall x8 |
| 20:37 | agrippa_rawrr · wall_segment Palisade Wall x8 |
| 20:42 | agrippa_rawrr · wall_segment Palisade Wall x11 |
| 21:46 | agrippa_rawrr · first_market_buy 100 food |
| 22:04 | VNS_MZ · age_up castle |
| 22:05 | agrippa_rawrr · first_market_sell 100 wood |
| 23:50 | agrippa_rawrr · wall_segment Palisade Wall x1 |
| 24:46 | agrippa_rawrr · age_up castle |
| 25:49 | agrippa_rawrr · first_building Monastery |
| 26:36 | agrippa_rawrr · wall_segment Palisade Wall x1 |
| 29:34 | VNS_MZ · first_market_buy 100 food |
| 30:52 | VNS_MZ · first_building Castle |
| 33:11 | agrippa_rawrr · first_building Castle |
| 35:29 | VNS_MZ · first_building Siege Workshop |
| 35:34 | VNS_MZ · first_market_sell 100 food |
| 38:54 | VNS_MZ · age_up imperial |
| 46:18 | agrippa_rawrr · resign |
[ AI ANALYSIS · 1 CREDIT ]
What really happened in this match?
Wolo.gg analyzes every decision: build order, eco, micro, common mistakes by bracket. Personalized analysis on WhatsApp or Discord in 30 seconds.
Civ guide
Berbers
Perfil
Jugador #249250